 Dungeon Crawl Stone Soup version 0.29.1-1-gd02db6906a (webtiles) character file.

Game seed: 2099454754711567983

146 Ashen the Magician (level 5, 37/37 HPs)
             Began as a Demonspawn Hedge Wizard on Oct 11, 2022.
             Got out of the dungeon alive.
             The game lasted 00:05:17 (2752 turns).

Ashen the Magician (Demonspawn Hedge Wizard)        Turns: 2752, Time: 00:05:17

Health: 37/37      AC:  3    Str: 10    XL:     5   Next: 7%
Magic:  10/10      EV: 12    Int: 18    God:
Gold:   121        SH:  0    Dex: 12    Spells: 3/11 levels left

rFire   . . .      SeeInvis .   a - +0 dagger
rCold   . . .      Faith    .   (no shield)
rNeg    . . .      Spirit   .   b - +0 robe
rPois   .          Reflect  .   o - +0 helmet
rElec   .          Harm     .   (no cloak)
rCorr   .          Rampage  .   (no gloves)
Will    .....                   (no boots)
Stlth   ++........              (no amulet)
HPRegen 0.12/turn               (no ring)
MPRegen 0.12/turn               (no ring)

@: no status effects
A: spiny 1, demonic magic 1
a: no special abilities


You escaped.
You visited 1 branch of the dungeon, and saw 3 of its levels.

You collected 121 gold pieces.

Inventory:

Hand Weapons
 a - a +0 dagger (weapon)
Armour
 b - a +0 robe (worn)
 c - a +0 hat
 o - a +0 helmet (worn)
Jewellery
 m - a ring of magical power
Scrolls
 d - a scroll of enchant armour {unknown}
 g - a scroll of amnesia {unknown}
 h - 4 scrolls of identify {unknown}
 k - 3 scrolls of blinking {unknown}
 l - a scroll of teleportation {unknown}
 n - a scroll of poison {unknown}
Potions
 e - 2 potions of curing {unknown}
 f - a potion of degeneration {unknown}
 i - a potion of brilliance {unknown}
 j - 2 potions of flight {unknown}
 p - a potion of attraction {unknown}


   Skills:
 + Level 1.5 Fighting
 + Level 2.5 Dodging
 - Level 2.0 Stealth
 + Level 3.5 Spellcasting
 + Level 2.1 Conjurations
 - Level 2.0 Summonings
 + Level 1.7 Translocations


You had 3 spell levels left.
You knew the following spells:

 Your Spells              Type           Power      Damage    Failure   Level
a - Magic Dart            Conj           40%        1d5       6%          1
b - Call Imp              Summ           10%        N/A       11%         2
c - Blink                 Tloc           18%        N/A       12%         2
d - Mephitic Cloud        Conj/Pois/Air  5%         N/A       34%         3

Your spell library contained the following spells:

 Spells                   Type           Power      Damage    Failure   Level
 Sandblast                Erth           6%         2d5       16%         1
 Slow                     Hex            12%        N/A       16%         1
 Conjure Flame            Conj/Fire      7%         6-21      30%         3
 Petrify                  Tmut/Erth      3%         N/A       83%         4
 Iron Shot                Conj/Erth      3%         9d2       100%        6
 Lehudib's Crystal Spear  Conj/Erth      3%         10d3      100%        8


Dungeon Overview and Level Annotations

Branches:
Dungeon (3/15)

Altars:

Annotations:
D:3 1 runed translucent door, theswoord's ghost, weakling DsFi


Innate Abilities, Weirdness & Mutations

You are partially covered in sharp spines.
Spells you cast may paralyse adjacent enemies.


Message History

Casting: Magic Dart (safe; 7% risk of failure)
Confirm with . or Enter, or press ? or * to list all spells.
Aiming: Magic Dart (safe; 7% risk of failure)
Press: ? - help, Shift-Dir - straight line, f/p - adder
Aim: an adder (moderately wounded, 100% to hit)
The magic dart hits the adder.
The adder is severely wounded.
Malevolent energies surge around you.
Casting: Magic Dart (safe; 7% risk of failure)
Confirm with . or Enter, or press ? or * to list all spells.
Aiming: Magic Dart (safe; 7% risk of failure)
Press: ? - help, Shift-Dir - straight line, f/p - adder
Aim: an adder (severely wounded, 100% to hit)
The magic dart hits the adder.
The adder is almost dead.
Malevolent energies surge around you.
Casting: Magic Dart (safe; 7% risk of failure)
Confirm with . or Enter, or press ? or * to list all spells.
Aiming: Magic Dart (safe; 7% risk of failure)
Press: ? - help, Shift-Dir - straight line, f/p - adder
Aim: an adder (almost dead, 100% to hit)
The magic dart hits the adder but does no damage.
The adder is almost dead.
Malevolent energies surge around you.
The adder suddenly stops moving!
The helpless adder fails to defend itself.
You puncture the adder!
You kill the adder!
There is a stone staircase leading up here.
You climb upwards.
There is a stone staircase leading down here.
There is a stone staircase leading up here.
You climb upwards.
There is a stone staircase leading down here.
Magic restored.
The eye of devastation turns its gaze towards you.
The great orb of eyes turns its gaze towards you.
The floating eye turns its gaze towards you.
There is a staircase leading out of the dungeon here.
Are you sure you want to leave the Dungeon?
This will make you lose the game!
You have escaped!

#.#.#........#.#.#.......###...
#.#.########.#.#.#.............
###.#..........#...#..........._.
.##.##############.#.............
.....................###...###...
########.#.#.#######.....#.#G#...
#....#.#.#.......#######.###...
#.##.#.#.#.#####.# #..........
#.#..#.#.#.#..@#.# #.........#
#.####.#.#.#.###.# #....).....
#......#.#.#.....# ##....######
##########.###########..)..#
............#####......#.###
###########.......####.#.#
#.........##..#.#
#.........##..#.#
#.........##..#.#


There were no monsters in sight!

Vanquished Creatures
  A necrophage (D:3)
  4 adders
  A worm (D:2)
  8 bats
  3 endoplasms
  2 giant cockroaches
  3 hobgoblins
  3 quokkas (D:2)
  4 ball pythons
  5 frilled lizards
  5 goblins
  5 kobolds
  5 rats
49 creatures vanquished.

Notes
Turn   | Place    | Note
-------+----------+-------------------------------------------
     0 | D:1      | Ashen the Demonspawn Hedge Wizard began the quest for the
                  | Orb.
     0 | D:1      | Reached XP level 1. HP: 13/13 MP: 4/4
   203 | D:1      | Noticed an eye of devastation
   205 | D:1      | Found a faded altar of an unknown god.
   207 | D:1      | Noticed a great orb of eyes
   207 | D:1      | Noticed a floating eye
   207 | D:1      | Noticed a great orb of eyes
   282 | D:1      | Reached skill level 1 in Translocations
   390 | D:1      | Gained mutation: Spells you cast may paralyse adjacent
                  | enemies. [demonic ancestry]
   390 | D:1      | Reached XP level 2. HP: 19/19 MP: 6/6
   973 | D:1      | Got the Collected Works on the Caves
  1441 | D:2      | Reached XP level 3. HP: 25/25 MP: 4/7
  1876 | D:2      | Reached skill level 1 in Fighting
  2253 | D:2      | Reached XP level 4. HP: 32/32 MP: 6/8
  2413 | D:3      | Noticed a necrophage
  2427 | D:3      | Killed a necrophage
  2431 | D:3      | Learned a level 2 spell: Call Imp
  2434 | D:3      | Learned a level 2 spell: Blink
  2438 | D:3      | Learned a level 3 spell: Mephitic Cloud
  2591 | D:3      | Found a runed translucent door.
  2591 | D:3      | Noticed theswoord's ghost (weakling DsFi)
  2628 | D:3      | Gained mutation: You are partially covered in sharp spines.
                  | [demonic ancestry]
  2628 | D:3      | Reached XP level 5. HP: 37/37 MP: 5/10
  2752 | D:$      | Got out of the dungeon alive.

Illustrated notes

Levels and vault maps discovered:
D:1:      matt_arrival_spirals, layout_basic,
          hellmonk_ecumenical_altar_watching_god
D:2:      layout_loops_ring
D:3:      layout_basic, gammafunk_ghost_grave, serial_shops,
          nicolae_shop_window_shopping

Skill      XL: |  1  2  3  4 |
---------------+-------------+-----
Translocations | 1 |  1.7
Dodging        | 2 |  2.5
Stealth        | 2 |  2.0
Fighting       | 1 |  1.5
Conjurations   | 2 |  2.1
Summonings     | 2 |  2.0
Spellcasting   | |  3.5

Action                   |  1- 3 |  4- 6 || total
-------------------------+-------+-------++-------
Melee: Dagger            |    57 |     5 ||    62
       Punch             |     1 |       ||     1
 Cast: Magic Dart        |    77 |    24 ||   101
  Use: Potion            |       |     1 ||     1
 Stab: Sleeping          |     9 |       ||     9
       Paralysed         |    10 |     4 ||    14
Armor: Robe              |    15 |     1 ||    16
Dodge: Dodged            |    59 |     6 ||    65
